 Dungeon Crawl Stone Soup version 0.31-a0-981-geadf994542 (webtiles) character file.

Game seed: 7776799924447891672

19474 Hubris850 the Severer (level 12, 0/96 (101) HPs)
             Began as a Minotaur Fighter on Nov 1, 2023.
             Was a High Priest of Dithmenos.
             Slain by a cane toad (20 damage)
             ... on level 2 of the Lair of Beasts.
             The game lasted 00:26:02 (10619 turns).

Hubris850 the Severer (Minotaur Fighter)           Turns: 10619, Time: 00:26:03

HP:   0/96 (101)    AC: 11    Str: 24    XL:     12   Next: 36%
MP:   7/15          EV: 12    Int:  5    God:    Dithmenos [*****.]
Gold: 382           SH:  5    Dex: 12    Spells: 11/11 levels left

rFire   . . .        F - +1 battleaxe (freeze)
rCold   . . .        (shield currently unavailable)
rNeg    . . .        b - +0 scale mail
rPois   .            (helmet restricted)
rElec   .            (no cloak)
rCorr   .            y - +1 pair of gloves
SInv    +            k - +0 pair of boots
Will    .....        B - amulet of reflection Stlth
                     v - ring of see invisible
HPRegen 0.36/turn    (no ring)
MPRegen 0.14/turn

%: reflection
@: wreathed by umbra, lightly drained
A: horns 2, retaliatory headbutt
a: Renounce Religion, Shadow Step, Shadow Form


You were on level 2 of the Lair of Beasts.
You worshipped Dithmenos.
Dithmenos was extremely pleased with you.
You visited 2 branches of the dungeon, and saw 11 of its levels.
You also visited: Ossuary.

You collected 706 gold pieces.
You spent 324 gold pieces at shops.

Inventory:

Hand Weapons
 a - a +1 war axe of protection
 u - a +3 battleaxe
 F - a +1 battleaxe of freezing (weapon)
 H - a +2 halberd of flaming
Missiles
 l - 7 javelins
 m - 7 curare-tipped darts
 n - a boomerang
 s - 35 poisoned darts (quivered)
 w - 3 silver javelins
Armour
 b - a +0 scale mail (worn)
 c - a +0 buckler
 g - a +0 pair of gloves
 k - a +0 pair of boots (worn)
 y - a +1 pair of gloves (worn)
Jewellery
 v - a ring of see invisible (left hand)
 B - an amulet of reflection (around neck)
Talismans
 q - a serpent talisman
 G - a talisman of death
Wands
 t - a wand of flame (41)
 C - a wand of mindburst (2)
Scrolls
 e - 3 scrolls of brand weapon
 f - 2 scrolls of fear
 x - 2 scrolls of blinking
 z - 2 scrolls of immolation
 D - a scroll of vulnerability
 E - a scroll of teleportation
 I - a scroll of fog
 J - a scroll of enchant weapon
 M - a scroll of enchant armour {unknown}
 N - a scroll of amnesia {unknown}
 O - a scroll of silence {unknown}
Potions
 d - 3 potions of might
 h - 3 potions of attraction
 i - 2 potions of magic
 j - 8 potions of curing
 o - 3 potions of enlightenment
 p - 2 potions of brilliance
 r - 4 potions of heal wounds
 A - 2 potions of mutation
 K - a potion of invisibility
 L - a potion of cancellation {unknown}


   Skills:
 - Level 8.0 Fighting
 + Level 19.8 Axes
 - Level 7.0 Armour
 - Level 5.0 Dodging
 - Level 6.0 Shields
 - Level 6.0 Invocations


You had 11 spell levels left.
You didn't know any spells.
Your spell library contained the following spells:

 Spells                   Type           Power      Damage    Failure   Level
 Apportation              Tloc           0%         N/A       75%         1
 Magic Dart               Conj           0%         1d3       75%         1
 Sting                    Tmut/Pois      0%         1d3       75%         1
 Ensorcelled Hibernation  Hex/Ice        0%         N/A       87%         2
 Jinxbite                 Hex            0%         N/A       87%         2
 Passwall                 Tmut/Erth      0%         N/A       87%         2
 Poisonous Vapours        Pois/Air       0%         N/A       87%         2
 Searing Ray              Conj           0%         2d4       87%         2
 Dazzling Flash           Conj/Hex       0%         N/A       98%         3
 Gell's Gravitas          Tloc           0%         N/A       98%         3
 Hailstorm                Conj/Ice       0%         3d3       98%         3
 Swiftness                Air            0%         N/A       98%         3
 Teleport Other           Tloc           0%         N/A       98%         3
 Volatile Blastmotes      Fire/Tloc      0%         2d10      98%         3
 Anguish                  Hex/Necr       0%         N/A       100%        4
 Cause Fear               Hex            0%         N/A       100%        4
 Fulminant Prism          Conj/Hex       0%         3d5       100%        4
 Olgreb's Toxic Radiance  Pois           0%         N/A       100%        4
 Summon Ice Beast         Ice/Summ       0%         N/A       100%        4
 Alistair's Intoxication  Tmut/Pois      0%         N/A       100%        5
 Summon Forest            Summ/Tloc      0%         N/A       100%        5
 Dispersal                Tloc           0%         N/A       100%        6
 Eringya's Noxious Bog    Tmut/Pois      0%         4d6       100%        6
 Simulacrum               Ice/Necr       0%         N/A       100%        6
 Starburst                Conj/Fire      0%         6d3       100%        6
 Enfeeble                 Hex            0%         N/A       100%        7
 Summon Hydra             Summ           0%         N/A       100%        7
 Maxwell's Capacitive Co  Air            0%         ∞         100%        8


Dungeon Overview and Level Annotations

Branches:
Dungeon (9/15)             Temple (0/1) D:4            Lair (2/5) D:9
  Swamp (0/4) Lair:2      Ossuary (visited)
  Snake: Lair:2-3    Spider: Lair:2-3       Orc: D:9-12

Altars:
Dithmenos
Fedhas
Kikubaaqudgha
Makhleb
Qazlal
Ru
Sif Muna
Trog
Vehumet
Wu Jian
Xom
The Shining One

Shops:
D:3 ::?*:   D:4 =   D:5 =


Innate Abilities, Weirdness & Mutations

You have a pair of horns on your head.
You reflexively headbutt those who attack you in melee.


Message History

* * * LOW HITPOINT WARNING * * *
Okay, then.
The death yak bellows!
You slash the death yak! You freeze the death yak.
You kill the death yak!
Dithmenos accepts your kill.
You fail to use your ability.
You hit the death yak. You freeze the death yak. You headbutt the death yak.
The death yak is heavily wounded.
The death yak completely misses you. You furiously retaliate!
You headbutt the death yak. You barely miss the death yak.
The death yak is heavily wounded.
The death yak gores you!
* * * LOW HITPOINT WARNING * * *
You slash the death yak! You freeze the death yak.
The death yak is almost dead.
The death yak gores you but does no damage.
You slice the death yak!! You freeze the death yak.
You kill the death yak!
Dithmenos accepts your kill.
You turn into a swirling mass of dark shadows.
You feel drained.
You fade into the shadows.
There is an open door here.
Okay, then.
Unknown command.
As you read the scroll of teleportation, it crumbles to dust.
You feel strangely unstable. You block the death yak's attack.
Your surroundings suddenly seem different.
A cane toad comes into view.
Found 6 stones.
The cane toad gives a loud, deep croak!
You feel less shadowy.
The cane toad croaks.
The cane toad stings you.
* * * LOW HITPOINT WARNING * * *
You barely miss the cane toad. You headbutt the cane toad.
The cane toad is lightly wounded.
The cane toad stings you!!
You die...

# .##
####+.#
#.....##
#.....P#
#......#
#...F@#
#......#
#.......
##..(..P#
#......#
#.....##
#..###.
.## #


You could see a cane toad.

Vanquished Creatures
  2 two-headed ogres (D:9)
  A boulder beetle (Lair:2)
  2 death yaks (Lair:2)
  2 spriggan druids (Lair:2)
  3 elephants (Lair:2)
  4 cane toads
  A kobold demonologist (D:9)
  2 komodo dragons
  2 trolls (D:9)
  2 hornets
  3 blink frogs (Lair:1)
  Sigmund (D:6)
  A shadow (D:9)
  2 wyverns (D:8)
  2 wraiths (D:9)
  29 yaks
  2 basilisks (Lair:1)
  Menkaure (D:4)
  4 water moccasins (Lair:1)
  An acid dragon (D:7)
  An orc warrior (D:8)
  A black bear (D:7)
  4 ice beasts
  3 sky beasts
  3 ogres
  2 centaurs
  15 wolves
  2 kobold brigands
  An elf zombie (Ossuary)
  9 bullfrogs
  A scorpion (D:6)
  15 wights
  9 killer bees
  5 howler monkeys
  A centaur zombie (Ossuary)
  A jelly (D:4)
  3 orc priests
  2 human zombies (Ossuary)
  A sleepcap (D:6)
  Terence (D:2)
  4 iguanas
  3 orc wizards
  2 mummies (Ossuary)
  15 gnolls
  5 adders
  2 white imps
  An ufetubus (D:5)
  2 adder zombies (Ossuary)
  4 worms
  2 dart slugs
  19 orcs
  9 endoplasms
  6 giant cockroaches
  5 goblins
  7 hobgoblins
  9 jackals
  17 kobolds
  2 quokkas
  6 ball pythons
  4 bats
  3 frilled lizards
  A gnoll zombie (D:4)
  2 goblin zombies (Ossuary)
  11 hobgoblin zombies (Ossuary)
  2 jackal zombies (Ossuary)
  7 kobold zombies (Ossuary)
  8 orc zombies (Ossuary)
  6 rats
  A rat zombie (Ossuary)
312 creatures vanquished.

Notes
Turn   | Place    | Note
-------+----------+-------------------------------------------
     0 | D:1      | Hubris850 the Minotaur Fighter began the quest for the Orb.
     0 | D:1      | Reached XP level 1. HP: 19/19 MP: 0/0
   121 | D:1      | Reached XP level 2. HP: 27/27 MP: 1/1
   344 | D:1      | Reached skill level 3 in Axes
   534 | D:1      | Reached XP level 3. HP: 31/33 MP: 2/2
   717 | D:2      | Noticed Terence
   724 | D:2      | Killed Terence
   725 | D:2      | Reached skill level 1 in Dodging
   894 | D:2      | Reached XP level 4. HP: 40/40 MP: 3/3
  1507 | D:2      | Found a faded altar of an unknown god.
  1511 | D:2      | Prayed at the altar of an unknown god.
  1511 | D:2      | Became a worshipper of Dithmenos the Shadowed
  1511 | D:2      | Reached * piety under Dithmenos
  1646 | D:3      | Found Dieptaemp's Assorted Antiques.
  1666 | D:3      | Found Vefe's Book Emporium.
  1974 | D:3      | Reached XP level 5. HP: 46/46 MP: 4/4
  1987 | D:3      | Reached skill level 4 in Axes
  2102 | D:3      | Found Osola's Book Shoppe.
  2155 | D:3      | Found Setzoyty's Book Boutique.
  2161 | D:3      | Found Jofres's Magic Scroll Shoppe.
  2170 | D:3      | Bought a scroll of identify for 24 gold pieces
  2287 | D:4      | Noticed Menkaure
  2291 | D:4      | Reached ** piety under Dithmenos
  2293 | D:4      | Reached skill level 5 in Armour
  2293 | D:4      | Reached skill level 5 in Shields
  2299 | D:4      | Killed Menkaure
  2300 | D:4      | Reached skill level 5 in Axes
  2300 | D:4      | Reached XP level 6. HP: 21/52 MP: 5/5
  2460 | D:4      | Found a sand-covered staircase.
  2470 | Ossuary  | Entered an ossuary
  2621 | Ossuary  | Reached skill level 6 in Axes
  2621 | Ossuary  | Reached XP level 7. HP: 59/59 MP: 6/6
  2675 | Ossuary  | Reached *** piety under Dithmenos
  2945 | D:4      | Found a radiant altar of Vehumet.
  2988 | D:4      | Reached skill level 7 in Axes
  3073 | D:4      | Found a staircase to the Ecumenical Temple.
  3188 | D:4      | Found Ywkesaoh's Jewellery Emporium.
  3197 | D:4      | Found a shimmering altar of Xom.
  3262 | D:4      | Found a blossoming altar of Fedhas.
  3262 | D:4      | Found a glowing golden altar of the Shining One.
  3270 | D:4      | Found an ornate altar of the Wu Jian Council.
  3272 | D:4      | Found a stormy altar of Qazlal.
  3274 | D:4      | Found an ancient bone altar of Kikubaaqudgha.
  3642 | D:5      | Entered Level 5 of the Dungeon
  3671 | D:5      | Reached skill level 8 in Axes
  4057 | D:5      | Found a bloodstained altar of Trog.
  4351 | D:5      | Found Pisyb's Jewellery Emporium.
  4358 | D:5      | Bought an amulet of reflection for 300 gold pieces
  4660 | D:6      | Reached skill level 9 in Axes
  4660 | D:6      | Reached XP level 8. HP: 66/66 MP: 7/7
  4889 | D:6      | Reached skill level 10 in Axes
  4930 | D:6      | Found a burning altar of Makhleb.
  4930 | D:6      | Noticed a cacodemon
  4983 | D:6      | Reached skill level 11 in Axes
  5045 | D:6      | Found a shimmering blue altar of Sif Muna.
  5191 | D:6      | Noticed Sigmund
  5198 | D:6      | Killed Sigmund
  5200 | D:6      | Reached skill level 12 in Axes
  5525 | D:6      | Reached XP level 9. HP: 52/71 MP: 8/8
  5908 | D:7      | Reached skill level 13 in Axes
  5913 | D:7      | Reached **** piety under Dithmenos
  6071 | D:7      | Reached skill level 14 in Axes
  6177 | D:7      | Found a sacrificial altar of Ru.
  6782 | D:8      | Reached skill level 15 in Axes
  6902 | D:8      | Reached XP level 10. HP: 78/78 MP: 9/9
  7413 | D:9      | Reached skill level 16 in Axes
  7654 | D:9      | Noticed a two-headed ogre
  7662 | D:9      | Killed a two-headed ogre
  7701 | D:9      | Reached skill level 5 in Fighting
  7712 | D:9      | Paralysed by a hornet for 2 turns
  7718 | D:9      | Reached skill level 5 in Dodging
  7903 | D:9      | Noticed a two-headed ogre
  7911 | D:9      | Killed a two-headed ogre
  8110 | D:9      | Found a staircase to the Lair.
  8122 | D:9      | Reached XP level 11. HP: 85/91 MP: 10/10
  8392 | D:14     | Identified the "Oxoirigg"
  8392 | Lair:1   | Entered Level 1 of the Lair of Beasts
  8405 | Lair:1   | Reached ***** piety under Dithmenos
  8649 | Lair:1   | Reached skill level 1 in Invocations
  8654 | Lair:1   | Reached skill level 17 in Axes
  9493 | Lair:1   | Reached skill level 5 in Invocations
  9859 | Lair:2   | Reached skill level 18 in Axes
  9933 | Lair:2   | Noticed a boulder beetle
  9945 | Lair:2   | Killed a boulder beetle
 10047 | Lair:2   | Reached XP level 12. HP: 74/101 MP: 15/15
 10312 | Lair:2   | Found a staircase to the Swamp.
 10321 | Lair:2   | Reached skill level 19 in Axes
 10585 | Lair:2   | Noticed a death yak
 10587 | Lair:2   | Noticed a death yak
 10602 | Lair:2   | Noticed a death yak
 10603 | Lair:2   | Killed a death yak
 10608 | Lair:2   | Killed a death yak
 10619 | Lair:2   | Slain by a cane toad

Illustrated notes

Levels and vault maps discovered:
D:1:      shiori_arrival_maze, layout_basic
D:2:      layout_loops_ring, hellmonk_ecumenical_altar_heavens_door,
          grunt_decor_junction, minmay_randomly_rotated_circles, uniq_terence
D:3:      layout_basic, serial_shops, shop, shop,
          nicolae_shop_just_a_little_nook, shop, nicolae_shop_just_a_little_nook
D:4:      layout_loops_corners, lemuel_crystal_altar, xom_teletrap_fun,
          chequers_temple_overflow_minitemple, minmay_temple_entry_large_hall,
          enter_ossuary_3, serial_shops, nicolae_shop_trees, uniq_menkaure
D:5:      layout_basic, mainiacjoe_overflow_cross_hatched, serial_shops,
          nicolae_shop_peninsula, minmay_gold_behind_fungi,
          amcnicky_mini_rare_corridor_liquid, kennysheep_generic_room_16
D:6:      layout_loops_cross, makhleb_altar_promises_db,
          mainiacjoe_overflow_surrounded_room, chequers_serial_rivers_room_a,
          minmay_hedge_maze, uniq_sigmund
D:7:      layout_loops_ring, mainiacjoe_overflow_boulevard
D:8:      layout_loops_ring, nicolae_the_louvre
D:9:      kennysheep_spiral_hall, layout_irregular_city, david_lair_shrubbed
Lair:1:   layout_long_grid, lemuel_fruit_fields
Lair:2:   layout_roguey, mainiacjoe_swamp_entry_angry_trees,
          nicolae_snake_entry_squirm, basic_altar

Skill      XL: |  1  2  3  4  5  6  7  8  9 10 11 12 |
---------------+-------------------------------------+-----
Fighting       | 4 6 8 |  8.0
Armour         | 4 5 7 |  7.0
Shields        | 4 5 6 |  6.0
Axes           | 3 5 6 9 12 15 16 18 19 | 19.8
Dodging        | 1 3 4 5 |  5.0
Invocations    | 6 |  6.0

Action                     |  1- 3 |  4- 6 |  7- 9 | 10-12 || total
---------------------------+-------+-------+-------+-------++-------
  Melee: War axe           |    67 |   168 |   198 |       ||   433
         Headbutt          |    10 |    25 |    50 |    58 ||   143
         Battleaxe         |       |       |    57 |   287 ||   344
  Throw: Dart              |       |       |     5 |    11 ||    16
 Invoke: Shadow Form       |       |       |       |     1 ||     1
Ability: End Transformatio |       |       |       |     1 ||     1
    Use: Scroll            |       |     7 |    11 |     3 ||    21
         Potion            |       |       |       |     2 ||     2
 Armour: Scale mail        |    45 |    93 |    94 |   184 ||   416
  Dodge: Dodged            |    29 |    82 |   120 |   140 ||   371
  Block: Buckler           |     6 |    35 |    59 |       ||   100
         Other             |       |       |    14 |    57 ||    71
         Reflection        |       |       |     1 |     3 ||     4

Table legend: (Time is in decaauts)
 A = Elapsed time spent in this place.
 B = Non-inter-level travel time spent in this place.
 C = Inter-level travel time spent in this place.
 D = Time resting spent in this place.
 E = Time spent auto-exploring this place.
 F = Levels seen in this place.
 G = Mean time per level.
                   A        B        C        D        E       F      G
               +--------+--------+--------+--------+--------+-----+--------+
         Total |  10659 |  10351 |    308 |    203 |   8236 |  12 |  888.2 |
       Dungeon |   8209 |   7915 |    294 |     36 |   6516 |   9 |  912.1 |
          Lair |   2191 |   2177 |     14 |    167 |   1720 |   2 | 1095.5 |
       Ossuary |    259 |    259 |      0 |      0 |      0 |   1 |  259.0 |
               +--------+--------+--------+--------+--------+-----+--------+

Top non-repeatable levels by time:
  Lair:1: 1426 daAuts
     D:4: 1126 daAuts
     D:6: 1099 daAuts
     D:5: 1019 daAuts
     D:9: 1000 daAuts
     D:2: 869 daAuts
     D:8: 834 daAuts
     D:7: 786 daAuts
     D:3: 771 daAuts
  Lair:2: 764 daAuts
     D:1: 701 daAuts
 Ossuary: 259 daAuts
